 Dungeon Crawl Stone Soup version 0.30-a0-1035-g38d5fb2972 (webtiles) character file.

Game seed: 1411281796855460182

417 Ic0nGaming the Slicer (level 7, -4/41 HPs)
             Began as a Kobold Fighter on Apr 8, 2023.
             Was an Initiate of Makhleb.
             Slain by Menkaure (11 damage)
             ... on level 4 of the Dungeon.
             The game lasted 00:09:57 (4370 turns).

Ic0nGaming the Slicer (Kobold Fighter)              Turns: 4370, Time: 00:09:58

Health: -4/41      AC: 11    Str: 16    XL:     7   Next: 15%
Magic:  7/7        EV: 11    Int:  9    God:    Makhleb [......]
Gold:   183        SH:  4    Dex: 14    Spells: 6/6 levels left

rFire   . . .      SeeInvis .    a - +0 rapier
rCold   + . .      Faith    .    c - +0 buckler
rNeg    . . .      Spirit   .    b - +0 scale mail
rPois   .          Reflect  .    (no helmet)
rElec   .          Rampage  .    (no cloak)
rCorr   .                        r - +0 pair of gloves
Will    .....                    (no boots)
Stlth   +                        (no amulet)
HPRegen 0.26/turn                l - +4 ring of protection
MPRegen 0.10/turn                h - ring of protection from cold

@: no status effects
A: small, no large weapons, nightstalker 3
a: Renounce Religion


You were on level 4 of the Dungeon.
You worshipped Makhleb.
Makhleb was noncommittal.
You visited 1 branch of the dungeon, and saw 4 of its levels.

You collected 183 gold pieces.

Inventory:

Hand Weapons
 a - a +0 rapier (weapon)
Missiles
 q - 42 stones (quivered)
Armour
 b - a +0 scale mail (worn)
 c - a +0 buckler (worn)
 f - a +0 hat
 r - a +0 pair of gloves (worn)
Jewellery
 h - a ring of protection from cold (right hand)
 i - a ring of positive energy
 j - a ring of fire
 l - a +4 ring of protection (left hand)
Wands
 u - a wand of flame (16)
Scrolls
 g - 5 scrolls of teleportation
Potions
 d - a potion of might
 e - 3 potions of haste
 k - a potion of heal wounds
 m - a potion of flight
 n - 2 potions of curing
 o - a potion of mutation {unknown}
 p - a potion of attraction {unknown}
 s - a potion of lignification {unknown}
 t - a potion of degeneration {unknown}


   Skills:
 - Level 3.2 Fighting
 + Level 9.1 Short Blades
 - Level 2.4 Armour
 - Level 1.8 Dodging
 - Level 0.4 Stealth
 - Level 2.4 Shields


You had 6 spell levels left.
You didn't know any spells.
Your spell library contained the following spells:

 Spells                   Type           Power      Damage    Failure   Level
 Summon Small Mammal      Summ           0%         N/A       92%         1
 Cigotuvi's Dreadful Rot  Necr/Pois/Air  0%         N/A       98%         2
 Ensorcelled Hibernation  Hex/Ice        0%         N/A       98%         2
 Passwall                 Tmut/Erth      0%         N/A       98%         2
 Call Canine Familiar     Summ           0%         N/A       100%        3
 Gell's Gravitas          Tloc           0%         N/A       100%        3
 Portal Projectile        Hex/Tloc       0%         N/A       100%        3
 Summon Guardian Golem    Hex/Summ       0%         N/A       100%        3
 Swiftness                Air            0%         N/A       100%        3
 Animate Dead             Necr           0%         N/A       100%        4
 Borgnjor's Vile Clutch   Necr/Erth      0%         N/A       100%        5


Dungeon Overview and Level Annotations

Branches:
Dungeon (4/15)
 Temple: D:4-7

Altars:
Ashenzari
Hepliaklqana
Makhleb
Nemelex Xobeh
Okawaru
Wu Jian
Xom

Annotations:
D:2 1 runed translucent door, Crazy Yiuf
D:3 2 transporters
D:4 Menkaure


Innate Abilities, Weirdness & Mutations

You are small and have problems with some larger weapons.
You are completely attuned to the shadows.


Message History

You barely miss the ogre.
The ogre is severely wounded.
The ogre closely misses you.
You barely miss the ogre.
The ogre is severely wounded.
You hit the ogre.
You kill the ogre!
Makhleb accepts your kill.
Your Short Blades skill increases to level 9!
You have reached level 7!
There is a stone staircase leading up here.
You see here a +0 giant club.
Menkaure, Prince of Dust comes into view.
Menkaure shouts!
Menkaure mumbles some strange words.
Menkaure seems to speed up.
You barely miss Menkaure. Menkaure casts a spell at you.
Pain shoots through your body!
You hit Menkaure but do no damage. Menkaure barely misses you.
You hit Menkaure.
Menkaure is lightly damaged.
Menkaure hits you!
A dart slug comes into view.
You hit Menkaure but do no damage.
Menkaure is lightly damaged.
Menkaure hits you!
You barely miss Menkaure.
Menkaure is lightly damaged.
Menkaure casts a spell at you. Pain shoots through your body!
* * * LOW HITPOINT WARNING * * *
Unknown command.
Aiming: Throw Flame
Press: ? - help, Shift-Dir - straight line, f - Menkaure
Aim: Menkaure (lightly damaged, fast, 85% to hit)
The puff of flame hits Menkaure!
Menkaure is burned terribly!
Menkaure is heavily damaged.
Menkaure hits you!
You die...

#<.#.######........ +......####
#O................# #..........
#.##.####.........# #.#..#.####
#............... # #..#....#
#..#.###...##'###. #.#..#.##.#
#..#.# #.....w.....##.#..#.##.#
.#..#.# #....#...#..#.....#.##.#
O '....# #......M....####..#.##.#
..#.. .....#@........#.#.##.#
..#.#######.#............+.#.....
..<.......#.#.##.#.......######.#
+##.###.#.#.#............# #.#
#.# #........#.#.......# #.# #.#
#...#....#....###### #.# #.#
#...####....#.###########.#
#.###...#....##.#<#.........#.#
###...................#######.#.#


You could see Menkaure (fast) and a dart slug.

Vanquished Creatures
  Eustachio (D:4)
  An ogre (D:4)
  A scorpion (D:4)
  4 gnolls (D:3)
  2 adders
  An ufetubus (D:4)
  3 worms (D:2)
  2 dart slugs (D:3)
  2 orcs
  4 ball pythons
  8 bats
  4 endoplasms
  3 giant cockroaches
  7 goblins
  5 hobgoblins
  2 jackals (D:2)
  2 quokkas
  2 frilled lizards
  5 kobolds
  6 rats
65 creatures vanquished.

Notes
Turn   | Place    | Note
-------+----------+-------------------------------------------
     0 | D:1      | Ic0nGaming the Kobold Fighter began the quest for the Orb.
     0 | D:1      | Reached XP level 1. HP: 14/14 MP: 1/1
    79 | D:1      | Reached skill level 3 in Short Blades
   138 | D:1      | Found a faded altar of an unknown god.
   218 | D:1      | Reached XP level 2. HP: 19/19 MP: 2/2
   732 | D:1      | Reached skill level 1 in Dodging
  1151 | D:2      | Reached skill level 4 in Short Blades
  1166 | D:2      | Reached XP level 3. HP: 23/23 MP: 3/3
  1748 | D:2      | You fall into a shaft and drop 2 floors!
  1763 | D:4      | Reached XP level 4. HP: 22/28 MP: 4/4
  1937 | D:4      | Noticed an ogre
  1985 | D:3      | Found a transporter.
  2013 | D:2      | Reached skill level 5 in Short Blades
  2284 | D:2      | Found a runed translucent door.
  2287 | D:2      | Noticed Crazy Yiuf
  2445 | D:3      | Found a transporter.
  2675 | D:3      | Reached XP level 5. HP: 18/32 MP: 5/5
  2676 | D:3      | Reached skill level 6 in Short Blades
  2974 | D:3      | Found a burning altar of Makhleb.
  2981 | D:3      | Found an ornate altar of the Wu Jian Council.
  3001 | D:3      | Found an iron altar of Okawaru.
  3004 | D:3      | Found a hazy altar of Hepliaklqana.
  3022 | D:3      | Became a worshipper of Makhleb the Destroyer
  3690 | D:4      | Found a broken altar of Ashenzari.
  3992 | D:4      | Reached skill level 7 in Short Blades
  4170 | D:4      | Noticed Eustachio
  4178 | D:4      | Killed Eustachio
  4179 | D:4      | Reached skill level 8 in Short Blades
  4179 | D:4      | Reached XP level 6. HP: 33/37 MP: 6/6
  4199 | D:4      | Found a shimmering altar of Xom.
  4235 | D:4      | Found a sparkling altar of Nemelex Xobeh.
  4288 | D:4      | Got the Secrets of Transposed Darkness
  4356 | D:4      | Killed an ogre
  4357 | D:4      | Reached skill level 9 in Short Blades
  4357 | D:4      | Reached XP level 7. HP: 41/41 MP: 7/7
  4362 | D:4      | Noticed Menkaure
  4370 | D:4      | Slain by Menkaure

Illustrated notes

Levels and vault maps discovered:
D:1:      minmay_arrival_three_doors, layout_basic,
          shapermc_ecumenical_altar_starsandcircs
D:2:      layout_loops_ring, uniq_crazy_yiuf_cottage
D:3:      layout_basic, grunt_temple_overflow_cloverleaf,
          gammafunk_ghost_stat_death, grunt_decor_mini_mirrors
D:4:      layout_basic, old_standard_altar, mainiacjoe_overflow_two_lobes,
          uniq_eustachio, uniq_menkaure

Skill      XL: |  1  2  3  4  5  6 |
---------------+-------------------+-----
Short Blades   | 3 4 5 8 9 |  9.1
Dodging        | 1 |  1.8
Fighting       | |  3.2
Armour         | |  2.4
Stealth        | |  0.4
Shields        | |  2.4

Action                     |  1- 3 |  4- 6 |  7- 9 || total
---------------------------+-------+-------+-------++-------
  Melee: Rapier            |   124 |   112 |     5 ||   241
  Evoke: Wand              |       |       |     1 ||     1
    Use: Scroll            |     3 |     5 |       ||     8
         Potion            |       |     2 |       ||     2
   Stab: Distracted        |     1 |       |       ||     1
         Sleeping          |       |     1 |       ||     1
 Armour: Scale mail        |    33 |    32 |       ||    65
  Dodge: Dodged            |    50 |    54 |     1 ||   105
  Block: Buckler           |    23 |    18 |       ||    41

Table legend: (Time is in decaauts)
 A = Elapsed time spent in this place.
 B = Non-inter-level travel time spent in this place.
 C = Inter-level travel time spent in this place.
 D = Time resting spent in this place.
 E = Time spent auto-exploring this place.
 F = Levels seen in this place.
 G = Mean time per level.
                   A        B        C        D        E       F      G
               +--------+--------+--------+--------+--------+-----+--------+
         Total |   4372 |   4198 |    174 |    667 |   2531 |   4 | 1093.0 |
       Dungeon |   4372 |   4198 |    174 |    667 |   2531 |   4 | 1093.0 |
               +--------+--------+--------+--------+--------+-----+--------+

Top non-repeatable levels by time:
     D:3: 1424 daAuts
     D:1: 1122 daAuts
     D:2: 1064 daAuts
     D:4: 761 daAuts
